[ AOE2 MATCH · #507027529 ]
UnrankedRomans vs Persians
Player's team · LOSS
[ REPLAY ANALYSIS · EXTRACTED FROM THE RECORDED GAME ]
Feudal
10:03
Castle
—
Imperial
—
| APM avg | 58.5 |
| APM peak | 88 |
| eAPM avg | 30.4 |
| Villagers / military | 27 / 3 |
Focus
⚔️ 48.4% · 🌾 51.6%
Militia ×3
Feudal
11:09
Castle
—
Imperial
—
| APM avg | 78.2 |
| APM peak | 110 |
| eAPM avg | 37.1 |
| Villagers / military | 28 / 6 |
Focus
⚔️ 55.3% · 🌾 44.7%
Militia ×4 · Archer ×2
Match map
Initial resources + every placement click. Lines = walls · curves = elevation contours. ◆ gold · ⬟ stone · ● berries · ✦ relic · ◌ wall gap
Your base· Open — unwalled flank
KIV.YourAddHere's base· Open — unwalled flank
Smoothed initial terrain · ◌ = detected wall gap · hover for details
Inputs per minute
— Chili - - KIV.YourAddHere
Build order — Chili
55 actions detected in the replay
| 0:00 | Queue | Villager (Male) |
| 0:01 | Queue | Villager (Male) |
| 0:02 | Build | House |
| 0:03 | Build | House |
| 0:05 | Queue | Villager (Male) |
| 0:05 | Queue | Villager (Male) |
| 1:22 | Queue | Villager (Male) |
| 1:33 | Queue | Villager (Male) |
| 2:07 | Queue | Villager (Male) |
| 2:11 | Build | Mill |
| 2:44 | Queue | Villager (Male) |
| 3:18 | Build | House |
| 3:26 | Queue | Villager (Male) |
| 3:50 | Queue | Villager (Male) |
| 3:50 | Queue | Villager (Male) |
| 4:13 | Build | House |
| 4:23 | Build | Lumber Camp |
| 4:31 | Queue | Villager (Male) |
| 4:39 | Build | Lumber Camp |
| 4:52 | Queue | Villager (Male) |
| 5:11 | Queue | Villager (Male) |
| 5:24 | Queue | Villager (Male) |
| 5:38 | Research | Loom |
| 5:59 | Queue | Villager (Male) |
| 6:00 | Build | House |
| 6:26 | Queue | Villager (Male) |
| 6:46 | Queue | Villager (Male) |
| 6:46 | Queue | Villager (Male) |
| 6:58 | Build | Barracks |
| 7:36 | Build | House |
| 7:43 | Queue | Villager (Male) |
| 7:53 | Research | Feudal Age |
| 8:04 | Queue | Militia |
| 8:34 | Queue | Militia |
| 9:10 | Queue | Militia |
| 9:22 | Build | House |
| 9:33 | Build | Mining Camp |
| 9:47 | Build | Palisade Gate |
| 9:57 | Build | Palisade Wall |
| 10:01 | Build | Palisade Wall |
| 10:03 | Age | Feudal Age |
| 10:05 | Build | Palisade Gate |
| 10:10 | Queue | Villager (Male) |
| 10:15 | Build | House |
| 10:16 | Build | Palisade Wall |
| 10:21 | Queue | Villager (Male) |
| 10:45 | Research | Man-at-Arms (upgrade) |
| 10:47 | Queue | Villager (Male) |
| 10:57 | Build | Mill |
| 11:10 | Build | Palisade Gate |
| 11:26 | Queue | Villager (Male) |
| 11:45 | Queue | Villager (Male) |
| 12:10 | Queue | Villager (Male) |
| 12:13 | Build | Archery Range |
| 12:42 | Queue | Villager (Male) |
Build order — KIV.YourAddHere
67 actions detected in the replay
| 0:00 | Queue | Villager (Male) |
| 0:01 | Queue | Villager (Male) |
| 0:02 | Build | House |
| 0:14 | Queue | Villager (Male) |
| 0:14 | Queue | Villager (Male) |
| 0:17 | Queue | Villager (Male) |
| 0:31 | Build | Barracks |
| 0:57 | Build | House |
| 1:32 | Queue | Villager (Male) |
| 2:17 | Queue | Villager (Male) |
| 2:38 | Queue | Villager (Male) |
| 2:38 | Queue | Villager (Male) |
| 3:00 | Build | House |
| 3:04 | Research | Loom |
| 3:13 | Queue | Villager (Male) |
| 3:13 | Queue | Villager (Male) |
| 3:26 | Queue | Militia |
| 3:30 | Queue | Militia |
| 3:44 | Queue | Villager (Male) |
| 3:45 | Queue | Villager (Male) |
| 4:17 | Queue | Villager (Male) |
| 4:33 | Queue | Villager (Male) |
| 4:40 | Build | House |
| 4:43 | Build | House |
| 5:19 | Queue | Villager (Male) |
| 5:20 | Queue | Villager (Male) |
| 5:52 | Queue | Villager (Male) |
| 6:00 | Queue | Militia |
| 6:03 | Build | Mill |
| 6:20 | Queue | Villager (Male) |
| 6:45 | Queue | Villager (Male) |
| 6:52 | Queue | Villager (Male) |
| 7:11 | Queue | Villager (Male) |
| 7:24 | Build | Lumber Camp |
| 8:00 | Queue | Villager (Male) |
| 8:34 | Queue | Villager (Male) |
| 9:05 | Research | Feudal Age |
| 9:33 | Build | Mining Camp |
| 9:40 | Build | House |
| 9:45 | Build | House |
| 10:13 | Build | Palisade Wall |
| 10:13 | Build | Palisade Wall |
| 10:19 | Build | Palisade Wall |
| 10:20 | Build | Palisade Wall |
| 10:22 | Queue | Villager (Male) |
| 10:31 | Build | Palisade Wall |
| 10:34 | Build | House |
| 10:36 | Build | Palisade Wall |
| 10:36 | Build | Palisade Wall |
| 10:47 | Queue | Militia |
| 11:04 | Build | Palisade Wall |
| 11:04 | Build | Palisade Wall |
| 11:05 | Build | Palisade Wall |
| 11:06 | Build | Palisade Wall |
| 11:09 | Age | Feudal Age |
| 11:16 | Research | Man-at-Arms (upgrade) |
| 11:16 | Research | Man-at-Arms (upgrade) |
| 11:30 | Build | Archery Range |
| 11:31 | Queue | Villager (Male) |
| 11:36 | Build | Farm |
| 11:46 | Queue | Villager (Male) |
| 11:57 | Build | Archery Range |
| 12:11 | Build | House |
| 12:24 | Queue | Villager (Male) |
| 12:27 | Build | Palisade Wall |
| 12:36 | Queue | Archer |
| 12:36 | Queue | Archer |
Match timeline
| 0:31 | KIV.YourAddHere · first_building Barracks |
| 6:58 | Chili · first_building Barracks |
| 9:57 | Chili · wall_segment Palisade Wall x1 |
| 10:01 | Chili · wall_segment Palisade Wall x1 |
| 10:03 | Chili · age_up feudal |
| 10:13 | KIV.YourAddHere · wall_segment Palisade Wall x1 |
| 10:13 | KIV.YourAddHere · wall_segment Palisade Wall x1 |
| 10:16 | Chili · wall_segment Palisade Wall x2 |
| 10:19 | KIV.YourAddHere · wall_segment Palisade Wall x1 |
| 10:20 | KIV.YourAddHere · wall_segment Palisade Wall x1 |
| 10:31 | KIV.YourAddHere · wall_segment Palisade Wall x1 |
| 10:36 | KIV.YourAddHere · wall_segment Palisade Wall x1 |
| 10:36 | KIV.YourAddHere · wall_segment Palisade Wall x1 |
| 11:04 | KIV.YourAddHere · wall_segment Palisade Wall x1 |
| 11:04 | KIV.YourAddHere · wall_segment Palisade Wall x1 |
| 11:05 | KIV.YourAddHere · wall_segment Palisade Wall x1 |
| 11:06 | KIV.YourAddHere · wall_segment Palisade Wall x1 |
| 11:09 | KIV.YourAddHere · age_up feudal |
| 11:30 | KIV.YourAddHere · first_building Archery Range |
| 12:13 | Chili · first_building Archery Range |
| 12:27 | KIV.YourAddHere · wall_segment Palisade Wall x1 |
| 12:53 | Chili · resign |
[ AI ANALYSIS · 1 CREDIT ]
What really happened in this match?
Wolo.gg analyzes every decision: build order, eco, micro, common mistakes by bracket. Personalized analysis on WhatsApp or Discord in 30 seconds.
Civ guide
Romans
Perfil
Chili